Map: Cerulean Fall LE

Players

Odin - Winner!

  • Race: Protoss Protoss
  • League: Gold
  • Spawn Location: 7:00

keyser

  • Race: Terran Terran
  • League: Gold
  • Spawn Location: 1:00

VOD

Have the link to the VOD?

Description

Time

  • Played on: Dec. 16, 2018, 8:08 a.m.
  • Length: 5:27
Show
View Real Time Build Order
Export as new Build Order

Odin Protoss - Winner!

Build Orders: Oracle Opening 

Get SALT Encoding   

  12  0:02  Probe  
  13  0:20  Probe, Pylon  
  14  0:28  Probe  
  15  0:38  Gateway  
  15  0:40  Probe  
  16  0:46  Assimilator  
  16  0:54  Probe  
  17  1:02  Probe  
  17  1:11  Probe  
  19  1:21  Probe  
  19  1:25  Cybernetics Core  
  20  1:32  Pylon  
  20  1:33  Probe  
  20  1:36  Assimilator  
  21  1:45  Probe  
  22  1:56  Probe  
  22  1:59  Gateway  
  23  2:04  Probe  
  23  2:08  Adept  
  25  2:09  Warp Gate  
  25  2:12  Probe  
  26  2:28  Stargate  
  26  2:32  Probe  
  27  2:46  Adept  
  27  2:47  Adept  
  31  3:02  Nexus  
  31  3:14  Pylon  
  31  3:32  Probe  
  32  3:37  Oracle  
  35  3:44  Probe  
  36  3:52  Pylon  
  36  4:04  Pylon  
  36  4:05  Twilight Council  
  36  4:08  Robotics Facility  
  36  4:13  Shield Battery  
  32  4:44  Stalker x2  
  36  4:49  Oracle  
  39  5:07  Assimilator  
  39  5:21  Stalker  
  39  5:22  Stalker  
Show
View Real Time Build Order
Export as new Build Order

keyser Terran 

Build Orders:  

Get SALT Encoding   

  12  0:01  SCV  
  13  0:16  Supply Depot  
  13  0:17  SCV  
  14  0:32  SCV  
  15  0:39  Barracks  
  15  0:45  Refinery, SCV  
  16  0:57  Supply Depot  
  16  1:00  SCV  
  17  1:25  SCV  
  18  1:29  Reaper, Refinery  
  19  1:37  Orbital Command  
  19  2:05  Factory  
  19  2:12  SCV  
  19  2:14  Marine  
  21  2:19  Supply Depot  
  21  2:25  SCV  
  22  2:32  Marine  
  24  2:37  SCV  
  24  2:50  Marine  
  24  2:51  Widow Mine  
  27  2:52  Starport  
  27  3:08  Marine  
  28  3:41  Factory Tech Lab, Command Center  
  28  3:42  Starport Tech Lab  
  28  3:43  Marine  
  29  3:53  SCV  
  30  4:01  Marine  
  31  4:19  Marine  
  31  4:42  Barracks Reactor  
  31  4:43  Raven  
  31  4:44  Siege Tank  
  36  4:54  Barracks  
  36  4:57  Barracks  
  36  4:58  Supply Depot  
  36  5:02  Supply Depot  
Tags
 
Add a new tag
Caveats
  • Supply blocks, unpowered buildings, or Contaminate may cause inaccurate times.
  • Supply counts are checked every 10 seconds.